AoeStats
← rocko8921

Fortress

510430486Analyzed
1v1 RM · 19h ago on Oct 1, 2026· 36m 1s· 2 players
Game mode
Random Map
Map size
Small (3 player)
Population
200
Speed
Normal
Resources
Standard
Victory
Conquest
Starting age
Dark Age
Ending age
Imperial Age
RankedLock teamsTeams togetherTeam positionsShared explorationLock speedFull tech treeHidden civsTurbo modeCheats
Victory
Defeat
🇲🇽 Aztecs · Mexico
551
+18
🇺🇸 Vietnamese · United States
596
-36
rocko8921
1:12 Loom
10:02 Feudal Age
10:34 Double-Bit Axe
10:32 Horse Collar
15:41 Castle Age
14:48 Arson
15:08 Scale Mail Armor
15:18 Forging
15:39 Padded Archer Armor
16:24 Heavy Plow
16:48 Bow Saw
16:57 Gold Mining
17:19 Stone Mining
18:18 Leather Archer Armor
21:25 Fervor
21:21 Fletching
23:05 Gambesons
25:21 Wheelbarrow
25:34 Chain Mail Armor
26:31 Squires
27:10 Iron Casting
26:32 Treadmill Crane
27:04 Fortified Wall
28:18 Hand Cart
31:26 Eagle Warrior
33:14 Bodkin Arrow
Boopman7692
9:04 Feudal Age
12:08 Wheelbarrow
11:45 Double-Bit Axe
14:15 Castle Age
14:43 Horse Collar
15:17 Bow Saw
17:30 Gold Mining
17:31 Stone Mining
17:44 Stone Mining
26:48 Imperial Age
27:38 Padded Archer Armor
27:28 Fletching
28:24 Hand Cart
28:11 Loom
30:29 Crossbowman
31:15 Thumb Ring
32:06 Husbandry
32:17 Bloodlines
Connection lost

Rejoining the realm…

Still unreachable

The connection could not be restored.

Session expired

The server has moved on; the page needs a fresh start.